 Dungeon Crawl Stone Soup version 0.31-a0-675-g238779eb0a (webtiles) character file.

Game seed: 17062504289783895142

68 GloriousHammer the Insei (level 3, -3/27 HPs)
             Began as a Demigod Shapeshifter on Sept 6, 2023.
             Slain by a cerulean imp
             ... wielding a +1 spear
             ... summoned by Natasha
              (4 damage)
             ... on level 2 of the Dungeon.
             The game lasted 00:04:21 (1982 turns).

GloriousHammer the Insei (Demigod Shapeshifter)     Turns: 1982, Time: 00:04:23

Health: -3/27      AC:  8    Str: 15    XL:     3   Next: 73%
Magic:  5/5        EV:  7    Int: 12    God:
Gold:   95         SH:  0    Dex: 17    Spells: 2/2 levels left

rFire   . .          .
                       - Unarmed
rCold   . . .        (no shield)
rNeg    . . .        p - +0 chain mail
rPois   .            (helmet currently unavailable)
rElec   .            (cloak currently unavailable)
rCorr   .            (gloves currently unavailable)
SInv    .            (boots currently unavailable)
Will    .....        (no amulet) Stlth
                     (no ring)
HPRegen 0.24/turn    (no ring)
MPRegen 0.09/turn

%: no passive effects
@: beast-form
A: beast (slay +2), high MP 1, forlorn, divine attributes
a: Begin Untransformation


You were on level 2 of the Dungeon.
You were a hulking beast.
You visited 1 branch of the dungeon, and saw 2 of its levels.

You collected 95 gold pieces.

Inventory:

Missiles
 j - 4 poisoned darts
Armour
 a - a +0 animal skin
 p - a +0 chain mail (worn)
Talismans
 c - a beast talisman (active)
 d - a flux talisman
 i - a blade talisman
Wands
 l - a wand of charming (4)
Scrolls
 g - 5 scrolls of identify {unknown}
 h - a scroll of brand weapon {unknown}
 n - a scroll of teleportation {unknown}
 o - a scroll of torment {unknown}
Potions
 b - a potion of lignification
 f - a potion of mutation {unknown}
 k - 2 potions of brilliance {unknown}
 m - 2 potions of haste {unknown}


   Skills:
 - Level 0.8 Fighting
 - Level 1.7 Dodging
 + Level 3.6 Unarmed Combat
 + Level 3.5 Shapeshifting


You had 2 spell levels left.
You didn't know any spells.
Your spell library contained the following spells:

 Spells                   Type           Power      Damage    Failure   Level
 Vhi's Electric Charge    Tloc/Air       0%         N/A       100%        4
 Arcjolt                  Conj/Air       0%         1d10      100%        5
 Plasma Beam              Fire/Air       0%         2x1d10    100%        6


Dungeon Overview and Level Annotations

Branches:
Dungeon (2/15)

Annotations:
D:1 dig vault
D:2 1 runed translucent door, Crazy Yiuf, Natasha


Innate Abilities, Weirdness & Mutations

You are a hulking beast.
Your limbs bulge with bestial killing power. (Slay +2)
You have an increased reservoir of magic. (+10% MP)
You shall have no god before yourself.
Your divine heritage dramatically boosts your attributes as you level up.


Message History

You now have 95 gold pieces (gained 16).
A kobold comes into view. It is wielding a +0 club.
A kobold is nearby!
A kobold is nearby!
You punch the kobold!
You kill the kobold!
Things that are here:
a +0 club; 3 stones
Found a stone staircase leading down.
There is a stone staircase leading down here.
There is a stone staircase leading down here.
Found a club.
You see here a +0 club.
You see here a +0 club.
A frilled lizard comes into view.
A frilled lizard is nearby!
The frilled lizard completely misses you.
You hit the frilled lizard.
You kill the frilled lizard!
You see here a frilled lizard corpse.
g - 5 scrolls labelled GIUC KIRIM (gained 1)
You see here a frilled lizard corpse.
Found a stone staircase leading up.
There is a stone staircase leading up here.
Natasha, Servant of Life and Death comes into view.
Natasha hisses angrily.
Unknown command.
Natasha barely misses you.
You closely miss Natasha. Natasha closely misses you.
You punch Natasha!
Natasha is heavily wounded.
Natasha claws you.
You hit Natasha.
Natasha is severely wounded.
Natasha claws you.
You punch Natasha!
You kill Natasha!
Natasha yowls pathetically as she dies!
You see here a +0 chain mail.
Crazy Yiuf shouts!
Crazy Yiuf laughs, "Earwax!
Line snail koolooloo."
Could not explore, unopened runed door.
Unknown command.
Press: ? - help, v - describe, . - travel
Here: Crazy Yiuf, wielding a +4 quarterstaff of chaos and wearing a +0 cloak (fire blocked by a runed translucent door)
The floor.
You see here a +0 chain mail.
You start removing your armour.
You continue taking off your +0 scale mail. x4
You finish taking off your +0 scale mail.
You start putting on your armour.
You continue putting on your +0 chain mail. x5
You finish putting on your +0 chain mail.
You drop a +0 scale mail.
You swing at nothing.
You swing at nothing.
Natasha, Servant of Life and Death comes into view.
Natasha hisses angrily.
Natasha mewls in sadness.
Natasha wildly gestures.
Natasha's front paws start to glow.
You completely miss Natasha. Your punch misses Natasha.
Natasha claws you but does no damage.
You hit Natasha.
Natasha is lightly wounded.
Natasha casts a spell.
You hit Natasha.
Natasha is moderately wounded.
Natasha casts a spell.
The cerulean imp barely misses you.
You miss Natasha.
Natasha is moderately wounded.
Natasha claws you but does no damage.
You hit Natasha.
Natasha is heavily wounded.
The cerulean imp hits you but does no damage.
The cerulean imp hits you from afar with a +0 spear.
Natasha claws you.
Unknown command.
You barely miss Natasha.
Natasha is heavily wounded.
The cerulean imp hits you but does no damage. x2
Natasha claws you.
You closely miss Natasha.
Natasha is heavily wounded.
The cerulean imp barely misses you.
The cerulean imp hits you from afar with a +0 spear.
Unknown command.
You barely miss Natasha.
Natasha is heavily wounded.
Natasha claws you!
* * * LOW HITPOINT WARNING * * *
The cerulean imp hits you with a +1 spear.
* * * LOW HITPOINT WARNING * * *
The cerulean imp hits you but does no damage.
You barely miss Natasha.
Natasha is heavily wounded.
Natasha claws you.
* * * LOW HITPOINT WARNING * * *
The cerulean imp hits you with a +1 spear.
You die...

#########.## #.# #.# #.#
##############.# #.#######
...............# #.##.)#.##
### .###############
#.#......####.+ .#
############.#.......#..## .#
#.......5.##.#...#..#.###
.#######.#.......h..#..#######
.........#.#####h####..#
##########.# #5..[..#### ###
#.# #.#######.######.# #.# #.#
#........# #.# ### #.########
#.# #......... #.# ###.######
#.# #.# #.# #.#


You could see Natasha and 2 cerulean imps.

Vanquished Creatures
  Natasha (D:2)
  2 adders (D:2)
  3 ball pythons (D:1)
  2 endoplasms (D:1)
  2 giant cockroaches
  A goblin (D:1)
  3 hobgoblins (D:2)
  4 kobolds
  3 bats
  2 frilled lizards
  5 rats
28 creatures vanquished.

Notes
Turn   | Place    | Note
-------+----------+-------------------------------------------
     0 | D:1      | GloriousHammer the Demigod Shapeshifter began the quest for
                  | the Orb.
     0 | D:1      | Reached XP level 1. HP: 15/15 MP: 3/3
   354 | D:1      | Reached XP level 2. HP: 22/22 MP: 4/4
  1146 | D:2      | Reached XP level 3. HP: 21/27 MP: 5/5
  1525 | D:2      | Found a runed translucent door.
  1526 | D:2      | Noticed Crazy Yiuf
  1826 | D:2      | Noticed Natasha
  1831 | D:2      | Killed Natasha
  1973 | D:2      | Noticed Natasha
  1982 | D:2      | HP: 1/27 [Natasha (3)]
  1982 | D:2      | Slain by a cerulean imp

Illustrated notes

Levels and vault maps discovered:
D:1:      lemuel_arrival_funnel, layout_loops_ring, st_stairs_13,
          due_unseen_surprise
D:2:      layout_basic, uniq_crazy_yiuf_cottage, uniq_natasha

Skill      XL: |  1 |
---------------+----+-----
Unarmed Combat | 3 |  3.6
Shapeshifting  | 3 |  3.5
Fighting       | |  0.8
Dodging        | |  1.7

Action                     || total
---------------------------++-------
  Melee: Unarmed           ||    81
         Punch             ||     3
 Armour: Scale mail        ||    40
         Animal skin       ||     2
         Chain mail        ||    14
  Dodge: Dodged            ||    41

Table legend: (Time is in decaauts)
 A = Elapsed time spent in this place.
 B = Non-inter-level travel time spent in this place.
 C = Inter-level travel time spent in this place.
 D = Time resting spent in this place.
 E = Time spent auto-exploring this place.
 F = Levels seen in this place.
 G = Mean time per level.
                   A        B        C        D        E       F      G
               +--------+--------+--------+--------+--------+-----+--------+
         Total |   1977 |   1817 |    160 |      0 |   1535 |   2 |  988.5 |
       Dungeon |   1977 |   1817 |    160 |      0 |   1535 |   2 |  988.5 |
               +--------+--------+--------+--------+--------+-----+--------+

Top non-repeatable levels by time:
     D:2: 1037 daAuts
     D:1: 940 daAuts
